 Dungeon Crawl Stone Soup version 0.28-a0-1518-gbe868bca14 (webtiles) character file.

Game seed: 14123244067301198608

15 issech the Vexing (level 2, 0/16 HPs)
             Began as a Deep Elf Arcane Marksman on Jan 17, 2022.
             Slain by a jackal (2 damage)
             ... on level 1 of the Dungeon.
             The game lasted 00:04:07 (573 turns).

issech the Vexing (Deep Elf Arcane Marksman)         Turns: 573, Time: 00:04:09

Health: 0/16       AC:  7    Str:  7    XL:     2   Next: 34%
Magic:  6/6        EV: 10    Int: 17    God:
Gold:   60         SH:  0    Dex: 15    Spells: 3/4 levels left

rFire   + . .      SeeInvis .   a - +0 shortbow
rCold   . . .      Faith    .   (shield currently unavailable)
rNeg    . . .      Spirit   .   b - +2 ring mail {rF+}
rPois   .          Reflect  .   (no helmet)
rElec   .          Harm     .   (no cloak)
rCorr   .          Rampage  .   (no gloves)
Will    .....                   (no boots)
Stlth   +.........              (no amulet)
HPRegen 0.05/turn               (no ring)
MPRegen 0.10/turn               (no ring)

@: no status effects
A: no striking features
a: no special abilities


You were on level 1 of the Dungeon.
You visited 1 branch of the dungeon, and saw 1 of its levels.

You collected 60 gold pieces.

Inventory:

Hand Weapons
 a - a +0 shortbow (weapon)
 f - a +0 whip
 i - a +0 club
 j - a +0 dagger
 l - a +0 hunting sling
 m - a +0 shortbow
Missiles
 c - an arrow (quivered ammo)
 e - 11 stones
 n - 3 poisoned darts
Armour
 b - a +2 ring mail of fire resistance (worn)
 d - a +0 robe
Scrolls
 h - a scroll of brand weapon {unknown}
 k - a scroll of identify {unknown}
Potions
 g - a potion of lignification {unknown}


   Skills:
 + Level 1.0 Fighting
 + Level 3.3 Bows
 + Level 2.7 Dodging
 + Level 1.5 Spellcasting
 + Level 4.2 Hexes


You had 3 spell levels left.
You knew the following spells:

 Your Spells              Type           Power      Damage    Failure   Level
a - Slow                  Hex            60%        N/A       12%         1

Your spell library contained the following spells:

 Spells                   Type           Power      Damage    Failure   Level
 Inner Flame              Hex/Fire       8%         N/A       65%         3
 Portal Projectile        Hex/Tloc       16%        N/A       65%         3
 Cause Fear               Hex            7%         N/A       77%         4


Dungeon Overview and Level Annotations

Branches:
Dungeon (1/15)

Altars:


Message History

Fire: 7 arrows
Press: ? - help, Q - select action, (/) - cycle Shift-Dir - straight line, f/p - jackal
Aim: a jackal (51% to hit)
You shoot an arrow. The arrow closely misses the jackal.
The arrow hits the jackal.
The jackal is almost dead.
The jackal bites you but does no damage. x2
Fire: 6 arrows
Press: ? - help, Q - select action, (/) - cycle Shift-Dir - straight line, f/p - jackal
Aim: a jackal (51% to hit)
You shoot an arrow. The arrow closely misses the jackal.
The arrow hits the jackal.
You kill the jackal!
The jackal barely misses you. The jackal closely misses you.
Fire: 5 arrows
Press: ? - help, Q - select action, (/) - cycle Shift-Dir - straight line, f/p - jackal
Aim: a jackal (51% to hit)
You shoot an arrow.
The arrow hits the jackal but does no damage.
The jackal bites you.
Fire: 4 arrows
Press: ? - help, Q - select action, (/) - cycle Shift-Dir - straight line, f/p - jackal
Aim: a jackal (51% to hit)
You shoot an arrow. The arrow hits the jackal.
The jackal is heavily wounded.
The jackal bites you.
The jackal bites you but does no damage.
Fire: 3 arrows
Press: ? - help, Q - select action, (/) - cycle Shift-Dir - straight line, f/p - jackal
Aim: a jackal (moderately wounded, 51% to hit)
You shoot an arrow. The arrow barely misses the jackal.
The jackal bites you.
* * * LOW HITPOINT WARNING * * *
Fire: 2 arrows
Press: ? - help, Q - select action, (/) - cycle Shift-Dir - straight line, f/p - jackal
Aim: a jackal (moderately wounded, 51% to hit)
You shoot an arrow. The arrow misses the jackal.
The jackal bites you but does no damage.
The jackal bites you.
You die...

......##...........
......##........(###
......# #.......((.#
####### #.(........#
# #..........# #
#..........# ##
#######..### .#
############h#
.####.........##@##
......#.....#.....#
.##...##...##...#.#
.#....###.###.....#
...#### #.# ####..#
....## ##.## ##...#
.....###.#.###....#
........#<#.......#
####
.....###.#.###†...#
#..


You could see a jackal.

Vanquished Creatures
  2 endoplasms (D:1)
  A giant cockroach (D:1)
  A goblin (D:1)
  A hobgoblin (D:1)
  2 jackals (D:1)
  2 kobolds (D:1)
  A quokka (D:1)
  A bat (D:1)
  A rat (D:1)
12 creatures vanquished.

Notes
Turn   | Place    | Note
-------+----------+-------------------------------------------
     0 | D:1      | issech the Deep Elf Arcane Marksman began the quest for the
                  | Orb.
     0 | D:1      | Reached XP level 1. HP: 11/11 MP: 5/5
   219 | D:1      | Reached skill level 1 in Fighting
   251 | D:1      | Reached XP level 2. HP: 16/16 MP: 6/6
   573 | D:1      | Slain by a jackal

Illustrated notes

Levels and vault maps discovered:
D:1:      roderic_crossed_star, layout_basic,
          hellmonk_ecumenical_altar_dog_temple,
          nicolae_concentric_dashed_squares_wild, hangedman_decor_push

Skill      XL: |  1 |
---------------+----+-----
Fighting       | 1 |  1.0
Bows           | 3 |  3.3
Dodging        | |  2.7
Spellcasting   | |  1.5
Hexes          | |  4.2

Action                   || total
-------------------------++-------
 Fire: Shortbow          ||    47
  Use: Scroll            ||     1
Armor: Ring mail         ||    13
       Robe              ||     1
Dodge: Dodged            ||    15

Table legend: (Time is in decaauts)
 A = Elapsed time spent in this place.
 B = Non-inter-level travel time spent in this place.
 C = Inter-level travel time spent in this place.
 D = Time resting spent in this place.
 E = Time spent auto-exploring this place.
 F = Levels seen in this place.
 G = Mean time per level.
                   A        B        C        D        E       F      G
               +--------+--------+--------+--------+--------+-----+--------+
         Total |    580 |    580 |      0 |      7 |    204 |   1 |  580.0 |
       Dungeon |    580 |    580 |      0 |      7 |    204 |   1 |  580.0 |
               +--------+--------+--------+--------+--------+-----+--------+

Top non-repeatable levels by time:
     D:1: 580 daAuts
